 Dungeon Crawl Stone Soup version 0.26-a0-712-ga5a9c9c9d0 (webtiles) character file.

Game seed: 2705417376760244720

65 Azzok the Chopper (level 3, -3/29 HPs)
             Began as a Demonspawn Berserker on Nov 9, 2020.
             Was a Believer of Trog.
             Slain by a gnoll
             ... wielding a +0 flail
              (5 damage)
             ... on level 3 of the Dungeon.
             The game lasted 00:01:21 (1542 turns).

Azzok the Chopper (Demonspawn Berserker)            Turns: 1542, Time: 00:01:21

Health: -3/29      AC:  8    Str: 24    XL:     3   Next: 94%
Magic:  3/3        EV: 10    Int:  4    God:    Trog [**....]
Gold:   126        SH:  0    Dex: 12    Spells: 2/2 levels left

rFire    . . .     SeeInvis .   a - +0 hand axe
rCold    . . .     Faith    .   (no shield)
rNeg     . . .     Spirit   .   g - +0 scale mail
rPois    .         Reflect  .   (no helmet)
rElec    .         Harm     .   (no cloak)
rCorr    .         Rampage  .   (no gloves)
MR       .....                  (no boots)
Stlth    ..........             (no amulet)
HPRegen  0.09/turn              c - -4 ring of intelligence (curse)
MPRegen  0.08/turn              k - +6 ring of strength

@: berserk cooldown, slowed, very slow
A: claws 1, icy blue scales 1
a: Berserk, Trog's Hand, Renounce Religion


You were on level 3 of the Dungeon.
You worshipped Trog.
Trog was pleased with you.
You visited 1 branch of the dungeon, and saw 3 of its levels.

You collected 126 gold pieces.

Inventory:

Hand Weapons
 a - a +0 hand axe (weapon)
Armour
 b - a +0 animal skin
 g - a +0 scale mail (worn)
Jewellery
 c - a cursed -4 ring of intelligence (left claw)
 j - an uncursed ring of protection from cold
 k - a +6 ring of strength (right claw)
 r - a cursed amulet of inaccuracy {unknown}
Scrolls
 f - 3 scrolls of teleportation {unknown}
 h - 3 scrolls of noise {unknown}
 i - 2 scrolls of identify {unknown}
 m - a scroll of amnesia {unknown}
 n - a scroll of fog {unknown}
 o - 3 scrolls of enchant armour {unknown}
 p - 2 scrolls of random uselessness {unknown}
Potions
 d - 2 potions of heal wounds {unknown}
 e - a potion of berserk rage {unknown}
 l - a potion of resistance {unknown}
 q - a potion of brilliance {unknown}
 s - a potion of lignification {unknown}
 t - a potion of curing {unknown}


   Skills:
 - Level 3.0 Fighting
 + Level 4.4 Axes
 - Level 1.7 Armour
 - Level 1.7 Dodging


You had 2 spell levels left.
You didn't know any spells.
Your spell library was empty.

Dungeon Overview and Level Annotations

Branches:
Dungeon (3/15)

Altars:
Fedhas


Innate Abilities, Weirdness & Mutations

You have sharp fingernails.
You are partially covered in icy blue scales. (AC +2)


Message History

You are exhausted.
You feel yourself slow down.
There is an open door here.
The gnoll closely misses you.
You closely miss the gnoll. The gnoll hits you with a +0 flail!
* * * LOW HITPOINT WARNING * * *
You barely miss the gnoll. The gnoll barely misses you.
You hit the gnoll.
The gnoll is moderately wounded.
The gnoll hits you with a +0 flail.
* * * LOW HITPOINT WARNING * * *
The gnoll closely misses you.
You hit the gnoll.
The gnoll is heavily wounded.
The gnoll hits you with a +0 flail.
* * * LOW HITPOINT WARNING * * *
Your scale mail prevents you from hitting the gnoll.
The gnoll is heavily wounded.
The gnoll hits you with a +0 flail.
You die...

▒····▒ ▒·▒ ▒
▒▒▒▒▒▒▒▒▒▒▒····▒ ▒·▒ ·▒
·······)··'····▒ ▒·▒▒▒▒·▒
▒▒···?·)··▒····▒ ▒······▒
▒·▒▒···▒▒▒····▒▒▒▒▒▒▒······▒
╬···╬···········)·······╬
▒···▒·······▒▒▒▒▒▒······▒
▒···▒·▒·g···▒ ▒·▒╬▒▒·▒
··▒·▒·▒·@···▒▒▒▒ ▒·▒·▒ ▒
·▒▒▒·▒·▒········▒ ▒·▒·▒▒··
·· ▒·▒·▒▒▒······▒▒▒······· ▒
▒··········╬·····▒···
····▒▒▒·▒····▒▒▒▒··▒ ·
▒·▒····<·····╬ ···▒
▒·▒▒▒▒▒▒···▒ ▒▒▒·▒ ···▒ ·▒
··▒▒ ·▒


You could see a gnoll.

Vanquished Creatures
  2 gnolls (D:3)
  An adder (D:3)
  A dart slug (D:1)
  An orc (D:3)
  3 giant cockroaches (D:1)
  6 goblins
  4 hobgoblins
  2 jackals (D:1)
  A quokka (D:2)
  A ball python (D:2)
  2 bats (D:2)
  3 frilled lizards
  3 kobolds (D:1)
  3 rats (D:1)
33 creatures vanquished.

Notes
Turn   | Place    | Note
-------+----------+-------------------------------------------
     0 | D:1      | Azzok the Demonspawn Berserker began the quest for the Orb.
     0 | D:1      | Reached XP level 1. HP: 18/18 MP: 1/1
   121 | D:1      | Reached skill level 3 in Axes
   176 | D:1      | Gained mutation: You have sharp fingernails. [demonic
                  | ancestry]
   176 | D:1      | Reached XP level 2. HP: 24/24 MP: 2/2
   691 | D:2      | Gained mutation: You are partially covered in icy blue
                  | scales. (AC +2) [demonic ancestry]
   691 | D:2      | Reached XP level 3. HP: 28/29 MP: 3/3
  1127 | D:2      | Reached ** piety under Trog
  1356 | D:2      | Found a blossoming altar of Fedhas.
  1476 | D:3      | Reached skill level 4 in Axes
  1542 | D:3      | Slain by a gnoll

Illustrated notes

Levels and vault maps discovered:
D:1:      mrwooster_arrival_statue, layout_rooms, minmay_tiny_reverse_x
D:2:      layout_basic, fedhas_ov_isle_minmay, serial_co_window_serial,
          co_window_corner_a, co_window_of_opportunity_a,
          co_window_of_opportunity_a, co_window_paths_b, co_window_corner_a,
          co_window_broadway_c, co_window_broadway_a, co_window_unsneaky_path_b,
          co_window_sun, co_window_4corner_a, glass_columns_a, glass_columns_b,
          glass_columns_b, glass_columns_a, minmay_quantized
D:3:      layout_basic, nicolae_ru_sacrificial_ziggurat, uniq_sigmund

Skill      XL: |  1  2  3 |
---------------+----------+-----
Axes           | 3 4 |  4.4
Fighting       | |  3.0
Armour         | |  1.7
Dodging        | |  1.7

Action                   || total
-------------------------++-------
Melee: Hand axe          ||    90
Invok: Berserk           ||     1
Armor: Scale mail        ||    36
Dodge: Dodged            ||    46

Table legend: (Time is in decaauts)
 A = Elapsed time spent in this place.
 B = Non-inter-level travel time spent in this place.
 C = Inter-level travel time spent in this place.
 D = Time resting spent in this place.
 E = Time spent auto-exploring this place.
 F = Levels seen in this place.
 G = Mean time per level.
                   A        B        C        D        E       F      G
               +--------+--------+--------+--------+--------+-----+--------+
         Total |   1557 |   1492 |     65 |      0 |   1229 |   3 |  519.0 |
       Dungeon |   1557 |   1492 |     65 |      0 |   1229 |   3 |  519.0 |
               +--------+--------+--------+--------+--------+-----+--------+

Top non-repeatable levels by time:
     D:2: 872 daAuts
     D:1: 593 daAuts
     D:3: 91 daAuts
